 Dungeon Crawl Stone Soup version 0.29-a0-350-g7790a0e70a (webtiles) character file.

Game seed: 11350780258226220331

3 spaghetti the Covert (level 1, 12/23 HPs)
             Began as a Gnoll Delver on Apr 23, 2022.
             Quit the game on level 5 of the Dungeon.
             The game lasted 00:00:18 (96 turns).

spaghetti the Covert (Gnoll Delver)                   Turns: 96, Time: 00:00:18

Health: 12/23      AC:  3    Str: 11    XL:     1   Next: 50%
Magic:  1/1        EV: 13    Int:  9    God:
Gold:   11         SH:  0    Dex: 13    Spells: 0/0 levels left

rFire   . . .      SeeInvis .   a - +0 short sword {short}
rCold   . . .      Faith    .   (no shield)
rNeg    . . .      Spirit   .   b - +0 leather armour
rPois   .          Reflect  .   (no helmet)
rElec   .          Harm     .   (no cloak)
rCorr   .          Rampage  .   (no gloves)
Will    .....                   (no boots)
Stlth   ++++......              (no amulet)
HPRegen 0.07/turn               (no ring)
MPRegen 0.07/turn               (no ring)

@: no status effects
A: fangs 1, strong nose, distributed training
a: no special abilities


You were on level 5 of the Dungeon.
You visited 1 branch of the dungeon, and saw 1 of its levels.

You collected 11 gold pieces.


Innate Abilities, Weirdness & Mutations

You have very sharp teeth.
Your uncanny sense of smell can sniff out nearby items.
Your experience applies equally to all skills.


   Skills:
 + Level 6.4 Fighting
 + Level 4.4 Short Blades
 + Level 0.0 Long Blades
 + Level 0.0 Axes
 + Level 0.0 Maces & Flails
 + Level 0.0 Polearms
 + Level 0.0 Staves
 + Level 0.0 Slings
 + Level 0.0 Bows
 + Level 0.0 Crossbows
 + Level 0.0 Throwing
 + Level 0.0 Armour
 + Level 4.4 Dodging
 + Level 9.5 Stealth
 + Level 0.0 Shields
 + Level 0.0 Unarmed Combat
 + Level 0.0 Spellcasting
 + Level 0.0 Conjurations
 + Level 0.0 Hexes
 + Level 0.0 Summonings
 + Level 0.0 Necromancy
 + Level 0.0 Translocations
 + Level 0.0 Transmutations
 + Level 0.0 Fire Magic
 + Level 0.0 Ice Magic
 + Level 0.0 Air Magic
 + Level 0.0 Earth Magic
 + Level 0.0 Poison Magic
 + Level 0.1 Invocations
 + Level 0.0 Evocations


You couldn't memorise any spells.
You didn't know any spells.
Your spell library was empty.

Inventory:

Hand Weapons
 a - a +0 short sword (weapon) {short}
Armour
 b - a +0 leather armour (worn)
Wands
 g - a wand of digging (3)
Scrolls
 c - a scroll of fog
 e - a scroll of fear
Potions
 d - a potion of curing {unknown}
 f - a potion of haste {@q3}

Dungeon Overview and Level Annotations

Branches:
Dungeon (5/15)             Temple (0/1) D:5

Altars:

** **, *,, **, *,, *,,
######### ****
#....o@.# **,,,
#..o..#.# **.,,,
#.....#.# **#..,,,
#.#.#o#.########....,,*
#....o#..........##*,,,
#.....######..##..##,,,
#.#.#.###..#....#..#**,
#.....#............#,,,
#...,.#............#,,,


You could see an orc priest and 3 orcs.


Message History

🤖 Initializing magus.rc ...
Options error: Delay interrupt name "hungry" not recognised. (~/.crawlrc:4761) Options error: Bad monster_list_colour key: strict_neutral (~/.crawlrc:4776) ✅ Successfully initialized magus.rc [v1.9.6] Welcome, spaghetti the Gnoll Delver.
The Orb of Zot is coveted for many reasons.
Will you seize it for your own?
Press ? for a list of commands and other information.
Found 11 gold pieces.
Found a stone staircase leading down.
Unknown command.
Really read
d - a scroll of magic mapping {!r}?
As you read the scroll of magic mapping {!r}, it crumbles to dust.
You feel aware of your surroundings.
You sensed 4 altars.
You now have 4 gold pieces.
There is a stone staircase leading down here.
You now have 11 gold pieces (gained 7).
d - a pink potion Key pressed, stopping explore.
A quokka comes into view.
A quokka is nearby!
A quokka is nearby!
Found a stone staircase leading up.
The quokka bites you.
The quokka bites you but does no damage. 😕 HP[-2]
You take 2 damage, and now have 21/23 hp.
You are too injured to fight recklessly!
You are too injured to fight recklessly!
You are too injured to fight recklessly!
You are too injured to fight recklessly!
You are too injured to fight recklessly!
You are too injured to fight recklessly!
You are too injured to fight recklessly!
You are too injured to fight recklessly!
You are too injured to fight recklessly!
You are too injured to fight recklessly!
You are too injured to fight recklessly!
You are too injured to fight recklessly!
You are too injured to fight recklessly!
You are too injured to fight recklessly!
You are too injured to fight recklessly!
You are too injured to fight recklessly!
You are too injured to fight recklessly!
You barely miss the quokka.
The quokka bites you but does no damage.
You hit the quokka.
The quokka bites you but does no damage. 😕 HP[+1]
You closely miss the quokka. The quokka barely misses you.
You hit the quokka but do no damage.
The quokka bites you but does no damage.
You hit the quokka.
The quokka bites you but does no damage.
You hit the quokka.
You kill the quokka!
You see here a quokka corpse.
You see here a quokka corpse. 😎 HP[+1]
Your hp is fully restored (23).
Key pressed, stopping explore. 2 orcs and an orc priest come into view.
There are monsters nearby! 2 orcs come into view.
The helpless orc fails to defend itself.
You skewer the orc like a kebab!!!
You kill the orc!
The orc shouts!
The orc priest shouts!
The orc shouts!
The orc shouts!
The orc priest mumbles some strange prayers to Beogh against you.
Beogh smites you! 😮 HP[-11]
You take 11 damage, and now have 12/23 hp.
MASSIVE DAMAGE!! (PAUSE) Are you sure you want to abandon this character and quit the game? (Confirm with "yes".)

Skill      XL: | |
---------------+-+-----
Stealth        | |  9.5
Fighting       | |  6.4
Short Blades   | |  4.4
Dodging        | |  4.4
Invocations    | |  0.1

Action                   || total
-------------------------++-------
Melee: Short sword       ||     7
  Use: Scroll            ||     1
 Stab: Sleeping          ||     1
Armor: Leather armour    ||     5
Dodge: Dodged            ||     1

Levels and vault maps discovered:
D:5:      layout_cave_pools, nicolae_overflow_crystal_walls,
          grunt_dithmenos_shadows, minitemple, temple_doors_e,
          hangedman_decor_push, columned_hall_lemuel

Notes
Turn   | Place    | Note
-------+----------+-------------------------------------------
     0 | D:5      | Reached skill level 9 in Stealth
     0 | D:5      | spaghetti the Gnoll Delver began the quest for the Orb.
     0 | D:5      | Reached XP level 1. HP: 23/23 MP: 1/1
     0 | D:5      | magus.rc [v1.9.6]
    89 | D:5      | Noticed an orc priest
    96 | D:5      | Quit the game

Vanquished Creatures
  An orc (D:5)
  A quokka (D:5)
2 creatures vanquished.

Table legend:
 A = Non-vault XP
 B = Vault XP
 C = Vault XP percentage of total XP
 D = Non-vault monster count
 E = Vault monster count
 F = Vault count percentage of total count
                 A         B        C        D         E       F
            +---------+---------+-------+---------+---------+-------
      Total |       5 |       0 |   0.0 |       2 |       0 |   0.0
            +---------+---------+-------+---------+---------+-------
        D:5 |       5 |       0 |   0.0 |       2 |       0 |   0.0
            +---------+---------+-------+---------+---------+-------

Illustrated notes

Table legend:
 A = Kills in this place as a percentage of kills in entire the game.
 B = Kills by you in this place as a percentage of kills by you in the entire game.
 C = Kills by friends in this place as a percentage of kills by friends in the entire game.
 D = Other kills in this place as a percentage of other kills in the entire game.
 E = Experience gained in this place as a percentage of experience gained in the entire game.
 F = Experience gained in this place divided by the number of levels of this place that you have seen.
                   A       B       C       D       E      F
               +-------+-------+-------+-------+-------+----------------------
         Total | 100.0 | 100.0 |   N/A |   N/A | 100.0 |   5.0
       Dungeon | 100.0 | 100.0 |   N/A |   N/A | 100.0 |   5.0
               +-------+-------+-------+-------+-------+----------------------

Table legend: (Time is in decaauts)
 A = Elapsed time spent in this place.
 B = Non-inter-level travel time spent in this place.
 C = Inter-level travel time spent in this place.
 D = Time resting spent in this place.
 E = Time spent auto-exploring this place.
 F = Levels seen in this place.
 G = Mean time per level.
                   A        B        C        D        E       F      G
               +--------+--------+--------+--------+--------+-----+--------+
         Total |     95 |     95 |      0 |      0 |     60 |   1 |   95.0 |
       Dungeon |     95 |     95 |      0 |      0 |     60 |   1 |   95.0 |
               +--------+--------+--------+--------+--------+-----+--------+

Top non-repeatable levels by time:
     D:5: 95 daAuts
